 Dungeon Crawl Stone Soup version 0.28-a0-1518-gbe868bca14 (webtiles) character file.

Game seed: 14022068982702910270

656758 hashsling the Conqueror (level 27, -7/199 HPs)
             Began as a Gargoyle Gladiator on Jan 15, 2022.
             Was an Elder of Okawaru.
             Splashed with acid (15 damage)
             ... on level 2 of the Pits of Slime on Jan 16, 2022.
             The game lasted 08:53:10 (70304 turns).

hashsling the Conqueror (Gargoyle Gladiator)       Turns: 70304, Time: 08:53:11

Health: -7/199     AC: 68    Str: 39    XL:     27
Magic:  29/29      EV: 19    Int:  9    God:    Okawaru [****..]
Gold:   8119       SH:  0    Dex: 17    Spells: 3/26 levels left

rFire   + + .      SeeInvis +   a - +7 lajatang "Usmiarph" {freeze, Dex+3}
rCold   . . .      Faith    .   (shield currently unavailable)
rNeg    + + .      Spirit   .   m - +6 gold dragon scales
rPois   ∞          Reflect  .   C - +1 hat {Will+}
rElec   +          Harm     .   n - +2 cloak {Will+}
rCorr   +          Rampage  ∞   D - +2 pair of gloves
Will    +++..      Rnd*Tele +   u - +3 pair of seven-league boots {Rampage+∞}
Stlth   ..........              q - amulet of Zilium {Regen+ Str+3 SInv}
HPRegen 1.23/turn               o - ring of Emmukluwk {Fire +Blink rN+ rCorr}
MPRegen 0.21/turn               L - ring "Saly" {rElec Will- rCorr Str+6 Dex+5}

@: flying
A: sickness immunity, AC +20, big wings, negative energy resistance 1,
electricity resistance, torment resistance 1, petrification resistance, horns 1,
clumsy 1, dopey 1, inhibited regeneration, teleportitis 1, MP-powered wands
}: 3/15 runes: decaying, serpentine, silver
a: Renounce Religion, Evoke Blink, Heroism, Finesse


You were on level 2 of the Pits of Slime.
You worshipped Okawaru.
Okawaru was greatly pleased with you.
You visited 14 branches of the dungeon, and saw 54 of its levels.
You also visited: Trove, Ossuary and Wizlab.

You collected 10426 gold pieces.
You spent 2307 gold pieces at shops.

Inventory:

Hand Weapons
 a - the +7 lajatang "Usmiarph" (weapon) {freeze, Dex+3}
   (You acquired it on level 6 of the Lair of Beasts)

   It freezes those it strikes, dealing additional cold damage.
   It can also slow down cold-blooded creatures.
   Dex:       It affects your dexterity (+3).
 b - the +7 quarterstaff of the Land of Plenty {holy, Fly rPois Stlth-}
   (Okawaru gifted it to you on level 2 of the Crypt)

   It has been blessed by the Shining One to cause great damage to the undead
   and demons.
   rPois:     It protects you from poison.
   Fly:       It grants you flight.
   Stlth:     It makes you less stealthy.
 w - a +9 vampiric quarterstaff
 O - a +4 vampiric lajatang
 W - a +4 antimagic lajatang
Armour
 m - +6 gold dragon scales (worn)
 n - a +2 cloak of willpower (worn)
 u - the +3 pair of seven-league boots (worn) {Rampage+∞}
   (You acquired it on level 3 of the Snake Pit)

   Its wearer moves as far as possible in that direction when moving towards
   enemies.
 B - the +9 plate armour of the Lily {rCorr Dex+4}
   (Okawaru gifted it to you on level 1 of the Snake Pit)

   Dex:       It affects your dexterity (+4).
   rCorr:     It protects you from acid and corrosion.
 C - a +1 hat of willpower (worn)
 D - a +2 pair of gloves (worn)
Jewellery
 c - a ring of protection from cold
 o - the ring of Emmukluwk (left hand) {Fire +Blink rN+ rCorr}
   (You bought it in a shop on level 4 of the Dungeon)

   [ring of fire]

   It enhances your fire magic.
   rF:        It protects you from fire.
   rC:        It makes you vulnerable to cold.
   rN:        It protects you from negative energy.
   +Blink:    It lets you blink.
   rCorr:     It protects you from acid and corrosion.
 p - the necklace of Bloodlust {*Rage Will++ Int-3 Slay+6}
   (You took it off a vault warden on level 5 of the Vaults)

   [amulet of nothing]

   It extends the wearer's berserk rage when killing foes.
   Int:       It affects your intelligence (-3).
   Slay:      It affects your accuracy & damage with ranged weapons and melee
   (+6).
   *Rage:     It berserks you when you make melee attacks (+50% chance).
   Will:      It greatly increases your willpower.
 q - the amulet of Zilium (around neck) {Regen+ Str+3 SInv}
   (You bought it in a shop on level 4 of the Dungeon)

   [amulet of regeneration]

   Str:       It affects your strength (+3).
   SInv:      It lets you see invisible.
   Regen:     It increases your rate of health regeneration.
 r - a +6 ring of strength
 J - the ring of Hadotohen {Drain rN+ Dex+5 Slay+2}
   (You found it on level 3 of the Crypt)

   [ring of positive energy]

   Dex:       It affects your dexterity (+5).
   Slay:      It affects your accuracy & damage with ranged weapons and melee
   (+2).
   rN:        It protects you from negative energy.
   Drain:     It drains your maximum health when unequipped.
 L - the ring "Saly" (right hand) {rElec Will- rCorr Str+6 Dex+5}
   (You found it in a treasure trove)

   [ring of strength]

   Str:       It affects your strength (+6).
   Dex:       It affects your dexterity (+5).
   rElec:     It insulates you from electricity.
   rCorr:     It protects you from acid and corrosion.
   Will:      It decreases your willpower.
 Z - a +6 ring of strength
Wands
 g - a wand of mindburst (23)
 v - a wand of paralysis (47)
 x - a wand of flame (103) (quivered)
 F - a wand of digging (55)
 K - a wand of iceblast (7)
 Y - a wand of acid (18)
Scrolls
 d - 3 scrolls of blinking
 h - 10 scrolls of amnesia
 k - a scroll of silence
 l - 15 scrolls of teleportation
 s - 13 scrolls of noise
 E - 8 scrolls of fog
 G - 6 scrolls of fear
 I - a scroll of brand weapon
 N - 6 scrolls of magic mapping
Potions
 e - 5 potions of ambrosia
 f - 5 potions of heal wounds
 j - 6 potions of resistance
 t - 2 potions of berserk rage
 z - 2 potions of haste
 A - 6 potions of cancellation
 H - 5 potions of mutation
 S - 4 potions of might
 V - 2 potions of invisibility
Miscellaneous
 y - a lightning rod (4/4)
 R - a phial of floods
 T - a condenser vane
 U - a tin of tremorstones (2/2)


   Skills:
 O Level 27 Fighting
 - Level 14.0 Staves
 - Level 7.3 Crossbows
 - Level 1.7 Throwing
 O Level 27 Armour
 * Level 21.1 Dodging
 - Level 8.0 Invocations
 + Level 21.1 Evocations


You had 3 spell levels left.
You knew the following spells:

 Your Spells              Type           Power      Damage    Failure   Level
a - Lee's Rapid Deconstr  Erth           0%         3d5*      100%        5
b - Sandblast             Erth           0%         2d4       83%         1
c - Passwall              Tmut/Erth      0%         N/A       92%         2
d - Stone Arrow           Conj/Erth      0%         3d7       99%         3
e - Leda's Liquefaction   Hex/Erth       0%         N/A       100%        4
f - Lehudib's Crystal Sp  Conj/Erth      0%         10d2      100%        8

Your spell library contained the following spells:

 Spells                   Type           Power      Damage    Failure   Level
 Apportation              Tloc           0%         N/A       83%         1
 Foxfire                  Conj/Fire      0%         2x1d4     83%         1
 Freeze                   Ice            0%         1d3       83%         1
 Magic Dart               Conj           0%         1d3       83%         1
 Pain                     Necr           0%         1d4       83%         1
 Shock                    Conj/Air       0%         1d3       83%         1
 Slow                     Hex            0%         N/A       83%         1
 Sting                    Tmut/Pois      0%         1d3       83%         1
 Blink                    Tloc           0%         N/A       92%         2
 Corpse Rot               Necr/Air       0%         N/A       92%         2
 Ensorcelled Hibernation  Hex/Ice        0%         N/A       92%         2
 Scorch                   Fire           0%         2d5       92%         2
 Searing Ray              Conj           0%         2d4       92%         2
 Static Discharge         Conj/Air       0%         N/A       92%         2
 Confusing Touch          Hex            0%         N/A       99%         3
 Conjure Flame            Conj/Fire      0%         6-21      99%         3
 Dazzling Flash           Conj/Hex       0%         N/A       99%         3
 Frozen Ramparts          Ice            0%         1d2       99%         3
 Gell's Gravitas          Tloc           0%         N/A       99%         3
 Ignite Poison            Fire/Tmut/Pois 0%         N/A       99%         3
 Inner Flame              Hex/Fire       0%         N/A       99%         3
 Lesser Beckoning         Tloc           0%         N/A       99%         3
 Mephitic Cloud           Conj/Pois/Air  0%         N/A       99%         3
 Ozocubu's Armour         Ice            0%         N/A       99%         3
 Portal Projectile        Hex/Tloc       0%         N/A       99%         3
 Spider Form              Tmut/Pois      0%         N/A       99%         3
 Swiftness                Air            0%         N/A       99%         3
 Teleport Other           Tloc           0%         N/A       99%         3
 Vampiric Draining        Necr           0%         2d6       99%         3
 Airstrike                Air            0%         N/A       100%        4
 Anguish                  Hex/Necr       0%         N/A       100%        4
 Cause Fear               Hex            0%         N/A       100%        4
 Dispel Undead            Necr           0%         3d6       100%        4
 Flame Wave               Conj/Fire      0%         2d4       100%        4
 Fulminant Prism          Conj/Hex       0%         3d6       100%        4
 Hailstorm                Conj/Ice       0%         3d3       100%        4
 Ice Form                 Ice/Tmut       0%         N/A       100%        4
 Iskenderun's Mystic Bla  Conj/Tloc      0%         2d3       100%        4
 Passage of Golubria      Tloc           0%         N/A       100%        4
 Sticky Flame             Conj/Fire      0%         2d3       100%        4
 Agony                    Necr           0%         N/A       100%        5
 Alistair's Intoxication  Tmut/Pois      0%         N/A       100%        5
 Blade Hands              Tmut           0%         N/A       100%        5
 Excruciating Wounds      Necr           0%         N/A       100%        5
 Fireball                 Conj/Fire      0%         3d3       100%        5
 Freezing Cloud           Conj/Ice/Air   0%         6-21      100%        5
 Irradiate                Conj/Tmut      0%         3d14      100%        5
 Iskenderun's Battlesphe  Conj           0%         2d6       100%        5
 Lightning Bolt           Conj/Air       0%         1d11      100%        5
 Manifold Assault         Tloc           0%         N/A       100%        5
 Metabolic Englaciation   Hex/Ice        0%         N/A       100%        5
 Silence                  Hex/Air        0%         N/A       100%        5
 Yara's Violent Unravell  Hex/Tmut       0%         3d3       100%        5
 Conjure Ball Lightning   Conj/Air       0%         3x3d6     100%        6
 Dispersal                Tloc           0%         N/A       100%        6
 Eringya's Noxious Bog    Tmut/Pois      0%         N/A       100%        6
 Iron Shot                Conj/Erth      0%         9d1       100%        6
 Starburst                Conj/Fire      0%         6d3       100%        6
 Dragon Form              Tmut           0%         N/A       100%        7
 Orb of Destruction       Conj           0%         9d5       100%        7
 Storm Form               Tmut/Air       0%         N/A       100%        7
 Borgnjor's Revivificati  Necr           0%         N/A       100%        8
 Discord                  Hex            0%         N/A       100%        8
 Disjunction              Tloc           0%         N/A       100%        8
 Maxwell's Capacitive Co  Air            0%         ∞         100%        8
 Necromutation            Tmut/Necr      0%         N/A       100%        8
 Chain Lightning          Conj/Air       0%         N/A       100%        9
 Death's Door             Necr           0%         N/A       100%        9
 Polar Vortex             Ice            0%         N/A       100%        9
 Animate Skeleton         Necr           Unusable   N/A       N/A         1
 Call Imp                 Summ           Unusable   N/A       N/A         2
 Call Canine Familiar     Summ           Unusable   N/A       N/A         3
 Summon Guardian Golem    Hex/Summ       Unusable   N/A       N/A         3
 Summon Ice Beast         Ice/Summ       Unusable   N/A       N/A         4
 Summon Forest            Summ/Tloc      Unusable   N/A       N/A         5
 Summon Mana Viper        Hex/Summ       Unusable   N/A       N/A         5
 Death Channel            Necr           Unusable   N/A       N/A         6
 Simulacrum               Ice/Necr       Unusable   N/A       N/A         6
 Statue Form              Tmut/Erth      Unusable   N/A       N/A         6
 Summon Cactus Giant      Summ           Unusable   N/A       N/A         6
 Spellforged Servitor     Conj/Summ      Unusable   N/A       N/A         7
 Summon Hydra             Summ           Unusable   N/A       N/A         7
 Infestation              Necr           Unusable   N/A       N/A         8

Dungeon Overview and Level Annotations

Branches:
Dungeon (15/15)            Temple (1/1) D:7            Lair (6/6) D:9
  Swamp (4/4) Lair:4        Snake (4/4) Lair:3        Slime (2/5) Lair:6
    Orc (2/2) D:10            Elf (3/3) Orc:2        Vaults (5/5) D:14
  Crypt (3/3) Vaults:3       Tomb (2/3) Crypt:3      Depths (4/4) D:15
   Hell (visited)             Zot (2/5) Depths:4    Ossuary (visited)
 WizLab (visited)
    Dis: Hell:1         Geh: Hell:1         Coc: Hell:1         Tar: Hell:1

Altars:
Ashenzari
Cheibriados
Dithmenos
Fedhas
Gozag
Hepliaklqana
Kikubaaqudgha
Makhleb
Nemelex Xobeh
Okawaru
Qazlal
Ru
Sif Muna
Trog
Uskayaw
Vehumet
Wu Jian
Yredelemnul
The Shining One
Beogh

Shops:
D:4 (:==?   Orc:1 [   Orc:2 [=[*   Snake:3 (   Snake:4 :=:   Depths:3 *[!

Portals:
Hell: Depths:1 Depths:2 Depths:3 Depths:4
Abyss: D:4 Depths:2 Depths:3 Depths:4
Pandemonium: Depths:2
Ziggurat: Depths:3

Annotations:
D:14 1 runed translucent door
Depths:4 2 runed translucent doors
Hell Geryon


Innate Abilities, Weirdness & Mutations

You are immune to sickness and miasma.
Your stone body is resilient. (AC +20)
You are immune to poison.
Your large and strong wings let you fly.
You resist negative energy. (rN+)
You are resistant to electric shocks. (rElec)
You are resistant to unholy torment.
You are immune to petrification.
You have a pair of small horns on your head.
You are clumsy. (Dex -2)
You are dopey. (Int -2)
You do not regenerate when monsters are visible.
You are occasionally teleported next to monsters.
You expend magic power (3 MP) to strengthen your wands.


Message History

You are splashed with acid!
You are splashed with acid.
You are splashed with acid!
You are splashed with acid!
You are splashed with acid!
You are splashed with acid.
You are splashed with acid.
You are splashed with acid!
You are splashed with acid!
You are splashed with acid.
You are splashed with acid.
You can no longer enter into single combat with a foe.
Okawaru will no longer gift you equipment.
You are splashed with acid.
You are splashed with acid.
You are splashed with acid!
You are splashed with acid.
You are splashed with acid.
You are splashed with acid!
You are splashed with acid!
You are splashed with acid!
You are splashed with acid.
You are splashed with acid!
You are splashed with acid!
You are splashed with acid!
You are splashed with acid!
You are splashed with acid.
You are splashed with acid!
You are splashed with acid!
You are splashed with acid!
You are splashed with acid!
* * * LOW HITPOINT WARNING * * *
You are splashed with acid!
* * * LOW HITPOINT WARNING * * *
You are splashed with acid!!
* * * LOW HITPOINT WARNING * * *
You are splashed with acid!
* * * LOW HITPOINT WARNING * * *
You are splashed with acid!
You die...

##..................
#....#...........>..
##.##...............
#####..............
##.#........#.....
#.........#.##....
##.#..#...........
##.######...##....
#@..# ##..#.#...
#...# #......#..
##.## .#........
##.## ..##..#...
#...# . ....##.#
##.## .#...#... ###
...###.. ##....
#.....


There were no monsters in sight!

Vanquished Creatures
  3 dread liches
  An orb of fire (Zot:2)
  An ancient lich (Depths:1)
  Mennas (Depths:3)
  A juggernaut (Depths:4)
  7 royal mummies
  Boris (twice) (Crypt:2 Crypt:3)
  The ghost of Xerom the Bludgeoner, a legendary GnFi of Cheibriados (Zot:1)
  Xtahua (Vaults:4)
  Nikola (Depths:1)
  the Enchantress (Depths:2)
  4 golden dragons
  2 bone dragons
  A Cloud Mage (WizLab)
  A Brimstone Fiend (Depths:3)
  A hellephant (Hell)
  10 tentacled monstrosities
  Asterion (Arena)
  Jorgrun (D:13)
  7 quicksilver dragons
  An Ice Fiend (Depths:3)
  5 liches
  A walking crystal tome (Depths:2)
  2 deep elf master archers (Elf:3)
  3 deep elf blademasters
  5 titans
  A walking divine tome (Depths:3)
  4 death cobs
  8 sphinxes
  The ghost of Xemiukyb the Whirler, an adept HaHu of Okawaru (Depths:2)
  4 thorn hunters
  4 ancient champions
  12 acid blobs
  10 shadow dragons
  7 tengu reavers
  2 rockslimes (Slime:2)
  4 revenants
  Donald (Vaults:1)
  3 azure jellies (Slime:2)
  4 draconian monks
  5 draconian knights
  8 fire giants
  7 nagarajas
  10 deep elf sorcerers
  2 fenstrider witches
  3 spectral caustic shrikes (Depths:4)
  4 storm dragons
  Aizul (Snake:2)
  2 balrugs (Depths:3)
  5 iron dragons
  11 frost giants
  19 vault wardens
  5 orc warlords
  3 deep elf elementalists (Elf:3)
  5 draconian scorchers
  6 draconian shifters
  A ghost moth (Zot:1)
  3 hydra skeletons
  3 caustic shrike zombies
  9 ghouls
  3 draconian stormcallers
  A curse skull (Vaults:3)
  2 draconian annihilators
  6 war gargoyles
  17 very ugly things
  A quicksilver ooze (Slime:1)
  13 ironbound preservers
  3 spriggan defenders (Depths:2)
  A caustic shrike skeleton (Crypt:2)
  8 green draconians
  12 stone giants
  Azrael (Elf:1)
  11 vampire knights
  7 ironbound thunderhulks
  5 eleionomae
  8 black draconians
  19 yellow draconians
  2 putrid mouths (Hell)
  7 deep elf demonologists
  8 deep elf annihilators
  17 dire elephants
  2 red draconians
  4 spark wasps (WizLab)
  3 bunyips
  An eidolon (Crypt:1)
  5 purple draconians
  21 ettins
  7 white draconians
  4 jiangshi
  3 crystal guardians (Crypt:3)
  4 blizzard demons
  13 mummy priests
  13 yaktaur captains
  5 deep elf high priests
  9 deep elf death magi
  13 great orbs of eyes
  7 fire dragons
  The ghost of hashsling the Quickloader, a journeyman KoHu of Okawaru (D:14)
  4 shambling mangroves
  A rakshasa (Depths:2)
  5 boulder beetles
  7 ogre magi
  19 hydras
  Fannar (Orc:1)
  4 ice dragons
  34 vault guards
  12 naga warriors
  3 salamander tyrants
  13 spriggan air magi
  5 anacondas
  A death knight (Arena)
  27 centaur warriors
  A fenstrider witch skeleton (Crypt:1)
  11 ironbound frosthearts
  3 ghost crabs
  A two-headed ogre (shapeshifter) (Elf:3)
  31 two-headed ogres
  5 catoblepae
  30 dancing weapons
  7 alligators
  21 death yaks
  5 deep troll shamans
  7 vampire magi
  20 death scarabs (Tomb:1)
  9 deep troll earth magi
  3 spriggan berserkers
  A tengu warrior (Depths:4)
  The ghost of HallandMoats the Shield-Bearer, a novice DsFi of Trog (D:8)
  5 orc high priests
  The ghost of knot the Cleaver, a novice DsBe of Trog (D:8)
  9 naga sharpshooters
  Urug (Lair:3)
  A sun demon (Depths:3)
  13 deep elf knights
  2 emperor scorpion zombies
  11 hell knights
  3 shadow wraiths
  4 soul eaters
  15 shock serpents
  A storm dragon skeleton (Crypt:3)
  5 iron trolls
  2 salamander mystics
  A steelbarb worm (shapeshifter) (Depths:4)
  2 sea snakes (Snake:4)
  37 skeletal warriors
  3 goliath frogs
  2 death drakes (WizLab)
  9 swamp dragons
  9 bog bodies
  4 spriggan druids
  3 spark wasp zombies
  41 deep trolls
  11 deep elf archers
  14 orc knights
  2 naga ritualists
  17 lindwurms
  13 harpies
  10 flayed ghosts
  3 glowing orange brains
  17 phantasmal warriors
  21 ironbound convokers
  2 tengu zombies
  A golden dragon skeleton (Crypt:1)
  17 necromancers
  An anaconda skeleton (Crypt:3)
  An iron dragon zombie (Crypt:3)
  4 mana vipers
  3 spectral hydras (Swamp:4)
  22 wizards
  A bunyip skeleton (Crypt:1)
  34 deep elf zephyrmancers
  2 frost giant zombies (Depths:1)
  2 shadow dragon skeletons
  2 tengu skeletons
  A stone giant zombie (Tomb:2)
  7 salamanders
  A fire giant zombie (Depths:1)
  10 oklob plants
  5 will-o-the-wisps
  A salamander (shapeshifter) (D:14)
  2 manticores (shapeshifter)
  A draconian zombie (Crypt:3)
  29 deep elf pyromancers
  4 orc sorcerers
  A shining eye (Slime:2)
  An iron dragon skeleton (Crypt:2)
  15 cyclopes
  7 elephants
  67 ugly things
  2 frost giant skeletons
  4 manticores
  38 black mambas
  6 moths of wrath
  A human skeleton (Vaults:1)
  A dire elephant zombie (Crypt:2)
  5 guardian serpents (Snake:4)
  11 apocalypse crabs (WizLab)
  16 naga magi
  A stone giant skeleton (Depths:1)
  A molten gargoyle (Depths:3)
  12 cane toads
  15 vault sentinels
  A fire giant skeleton (Depths:1)
  An eye of devastation (shapeshifter) (D:15)
  4 unseen horrors
  A titan simulacrum (Tomb:2)
  2 gargoyles
  An ice statue (D:13)
  4 hellions
  A catoblepas zombie (Crypt:1)
  24 yaktaurs
  A dire elephant skeleton (Crypt:2)
  2 spriggan zombies
  3 rime drakes (Lair:5)
  4 efreet
  A minotaur zombie (Tomb:2)
  An elf skeleton (Vaults:1)
  An ancient zyme (D:4)
  5 centaur skeletons
  10 komodo dragons
  2 freezing wraiths
  19 guardian mummies
  A tengu conjurer (Depths:4)
  6 meliai
  The ghost of Xenoroth the Chopper, an amateur HOFi (D:4)
  A pale draconian skeleton (Crypt:1)
  A harpy zombie (Crypt:1)
  A red devil (Hell)
  12 trolls
  A hydra zombie (Swamp:4)
  A death drake zombie (Swamp:4)
  2 wind drakes (WizLab)
  3 polar bears (Lair:6)
  A queen bee (Lair:5)
  A wind drake (shapeshifter) (D:14)
  A radroach zombie (Crypt:1)
  3 tyrant leeches
  A hornet (shapeshifter) (D:13)
  2 death drake skeletons (Swamp:4)
  15 hornets
  3 ettin zombies
  A blink frog (shapeshifter) (Vaults:5)
  58 slime creatures
  A dream sheep (shapeshifter) (Vaults:3)
  18 blink frogs
  2 harpy skeletons (Crypt:2)
  5 spriggan skeletons
  A culicivora (shapeshifter) (Depths:3)
  10 spriggans
  An ice dragon skeleton (Crypt:3)
  2 ettin skeletons
  A shadow (D:13)
  10 air elementals
  7 wyverns
  43 flying skulls
  14 ushabtiu
  7 wraiths
  Grum (D:11)
  12 basilisks
  3 vampires
  9 water elementals
  5 small abominations
  5 fire elementals
  17 humans (D:14)
  34 yaks
  3 chaos spawn (Depths:3)
  A human (shapeshifter) (Vaults:5)
  2 steam dragons
  22 vampire mosquitoes
  13 swamp worms
  30 nagas
  4 large abominations (Depths:3)
  9 wargs
  5 acid dragons
  A merfolk zombie (Crypt:2)
  20 water moccasins
  7 hell hounds
  3 hydra simulacra (Swamp:4)
  A naga skeleton (Crypt:3)
  5 swamp drakes
  A deep troll skeleton (Crypt:1)
  53 orc warriors
  10 necrophages
  5 swamp dragon zombies
  A black mamba simulacrum (Crypt:1)
  17 ice beasts
  2 sky beasts (D:6)
  18 ogres
  A boggart (Depths:3)
  22 wolves
  17 centaurs
  2 kobold brigands
  A bullfrog (shapeshifter) (Depths:2)
  13 bullfrogs
  6 scorpions
  3 gnoll sergeants
  2 earth elementals (Elf:3)
  A water moccasin skeleton (D:5)
  A hornet simulacrum (D:14)
  A troll zombie (Crypt:2)
  42 killer bees
  4 wights (D:7)
  A yak skeleton (Crypt:2)
  7 electric eels
  A howler monkey (D:12)
  A crimson imp (Depths:3)
  7 centaur zombies
  A bullfrog zombie (D:6)
  A human zombie (Ossuary)
  A bullfrog skeleton (D:6)
  2 hounds
  36 orc priests
  29 jellies
  Crazy Yiuf (D:3)
  Ijyb (D:2)
  2 iguanas (D:5)
  20 orc wizards
  An acid dragon zombie (Crypt:2)
  2 spectral hounds (Depths:3)
  A felid zombie (Crypt:2)
  3 human simulacra
  32 mummies
  A howler monkey zombie (Crypt:1)
  Robin (D:2)
  12 gnolls
  A howler monkey skeleton (Crypt:2)
  7 adders
  8 river rats
  A shadow imp (D:6)
  A white imp (Vaults:3)
  An ufetubus (D:6)
  An iguana zombie (Crypt:2)
  2 adder zombies (Ossuary)
  2 worms
  2 dart slugs (D:2)
  121 orcs
  10 ball pythons
  6 endoplasms
  4 giant cockroaches
  16 goblins
  9 hobgoblins
  4 jackals
  2 quokkas
  A ball python zombie (Crypt:1)
  2 bats
  6 frilled lizards
  2 goblin zombies (Ossuary)
  13 hobgoblin zombies (Ossuary)
  2 jackal zombies (Ossuary)
  18 kobolds
  7 kobold zombies (Ossuary)
  9 orc zombies
  19 rats
  A rat zombie (Ossuary)
  A bush (D:11)
2654 creatures vanquished.

Vanquished Creatures (others)
  A lich (Vaults:5)
  A shadow dragon (Vaults:5)
  A draconian shifter (Zot:1)
  A blizzard demon (Depths:3)
  2 spriggan air magi (WizLab)
  A spriggan berserker (Depths:4)
  A spriggan druid (Swamp:4)
  A deep elf pyromancer (Elf:2)
  An apocalypse crab (WizLab)
  An unseen horror (D:12)
  2 bloated husks
  An air elemental (WizLab)
  A spriggan (Swamp:4)
  2 chaos spawn (Depths:3)
  A sky beast (D:7)
  A howler monkey (shapeshifter) (Elf:3)
  2 gnolls (D:9)
  An orc (Orc:1)
  14 foxfires
  33 fungi
  59 plants
  17 withered plants
145 creatures vanquished.

Grand Total: 2799 creatures vanquished

Notes
Turn   | Place    | Note
-------+----------+-------------------------------------------
     0 | D:1      | hashsling the Gargoyle Gladiator began the quest for the
                  | Orb.
     0 | D:1      | Reached XP level 1. HP: 12/12 MP: 1/1
   250 | D:1      | Reached XP level 2. HP: 17/17 MP: 2/2
   646 | D:1      | Found a faded altar of an unknown god.
  1144 | D:2      | Reached XP level 3. HP: 21/21 MP: 3/3
  1690 | D:2      | Reached skill level 1 in Armour
  1717 | D:2      | Reached XP level 4. HP: 26/27 MP: 4/4
  2234 | D:3      | Noticed Robin
  2338 | D:3      | Noticed Ijyb
  2430 | D:2      | Killed Ijyb
  2441 | D:2      | Killed Robin
  2442 | D:2      | Reached XP level 5. HP: 28/32 MP: 5/5
  3048 | D:3      | Reached skill level 5 in Staves
  3224 | D:3      | Reached XP level 6. HP: 37/37 MP: 6/6
  3456 | D:3      | Found a runed translucent door.
  3474 | D:3      | Noticed Crazy Yiuf
  3488 | D:3      | Killed Crazy Yiuf
  3702 | D:4      | Noticed an ancient zyme
  3704 | D:4      | Noticed a small abomination
  3981 | D:4      | Found a transporter.
  3983 | D:4      | Found a transporter.
  4024 | D:4      | Found a radiant altar of Vehumet.
  4143 | D:4      | Found Fanumi's Book Emporium.
  4143 | D:4      | Found Wareneg's Magic Scroll Shop.
  4145 | D:4      | Found Rimouc's Jewellery Boutique.
  4147 | D:4      | Found Emny's Weapon Emporium.
  4147 | D:4      | Found Lyfauno's Jewellery Shop.
  4471 | D:4      | Noticed Xenoroth's ghost (amateur HOFi)
  4515 | D:5      | Entered Level 5 of the Dungeon
  4546 | D:4      | Reached XP level 7. HP: 44/44 MP: 7/7
  4666 | D:5      | Reached skill level 5 in Fighting
  4910 | D:5      | Reached XP level 8. HP: 48/51 MP: 8/8
  5669 | D:6      | Found a sand-covered staircase.
  5674 | Ossuary  | Entered an ossuary
  6389 | D:6      | Reached skill level 5 in Armour
  6586 | D:7      | Found a staircase to the Ecumenical Temple.
  6592 | Temple   | Entered the Ecumenical Temple
  6846 | Temple   | Became a worshipper of Warmaster Okawaru
  6942 | D:7      | Reached XP level 9. HP: 40/57 MP: 9/9
  6947 | D:7      | Reached skill level 1 in Evocations
  7583 | D:7      | Reached * piety under Okawaru
  8273 | D:8      | Reached XP level 10. HP: 36/65 MP: 10/10
  8278 | D:8      | Reached ** piety under Okawaru
  8579 | D:8      | Found a runed translucent gate.
  8579 | D:8      | Found a runed translucent gate.
  8579 | D:8      | Found a runed translucent gate.
  8579 | D:8      | Noticed HallandMoats's ghost (novice DsFi)
  8580 | D:8      | Noticed knot's ghost (novice DsBe)
  8943 | D:9      | Identified the +4 dagger "Spiderbane" {freeze, *Corrode rN+
                  | MP+9 Stlth+}
  9038 | D:9      | Noticed a death yak
  9047 | D:9      | Noticed a death yak
  9049 | D:9      | Noticed a death yak
  9052 | D:9      | Noticed a death yak
  9053 | D:9      | Noticed a death yak
  9055 | D:9      | Noticed a death yak
  9057 | D:9      | Noticed a death yak
  9059 | D:9      | Killed a death yak
  9072 | D:9      | Killed a death yak
  9072 | D:9      | Reached *** piety under Okawaru
  9080 | D:9      | Killed a death yak
  9090 | D:9      | Killed a death yak
  9091 | D:9      | Reached skill level 10 in Fighting
  9091 | D:9      | Reached skill level 10 in Staves
  9098 | D:9      | Killed a death yak
  9098 | D:9      | Reached **** piety under Okawaru
  9099 | D:9      | Reached XP level 11. HP: 35/72 MP: 11/11
  9104 | D:9      | Killed a death yak
  9105 | D:9      | Reached skill level 1 in Invocations
  9113 | D:9      | Killed a death yak
  9126 | D:9      | Found a staircase to the Lair.
  9399 | D:9      | Noticed a cyclops
  9407 | D:9      | Killed a cyclops
  9407 | D:9      | Reached ***** piety under Okawaru
  9626 | D:10     | Entered Level 10 of the Dungeon
 10118 | D:10     | Noticed a two-headed ogre
 10120 | D:10     | Killed a two-headed ogre
 10121 | D:10     | Reached skill level 10 in Armour
 10141 | D:10     | Found a staircase to the Orcish Mines.
 10509 | D:8      | Killed knot's ghost
 10527 | D:8      | Killed HallandMoats's ghost
 10527 | D:8      | Received a gift from Okawaru
 10528 | D:8      | Reached skill level 5 in Evocations
 10662 | Lair:1   | Entered Level 1 of the Lair of Beasts
 10910 | Lair:1   | Reached XP level 12. HP: 32/80 MP: 14/14
 10919 | Lair:1   | HP: 3/80 [blink frog (9)]
 10927 | Lair:1   | Found a gate leading to a gauntlet.
 11061 | Orc:1    | Entered Level 1 of the Orcish Mines
 11069 | Orc:1    | Noticed Fannar
 11071 | Orc:1    | Noticed an orc warlord
 11081 | Orc:1    | Found Riaxtisa's Armour Shoppe.
 11359 | D:11     | Found a glowing golden altar of the Shining One.
 11359 | D:11     | Noticed a seven-headed hydra
 11359 | D:11     | Noticed a two-headed ogre
 11366 | D:11     | Killed a two-headed ogre
 11659 | D:11     | Identified the +1 cloak of a Labyrinth {rC+ Stlth+}
 11714 | D:11     | Noticed a two-headed ogre
 11721 | D:11     | Killed a two-headed ogre
 11873 | D:11     | Noticed Grum
 11920 | D:11     | Received a gift from Okawaru
 11926 | D:11     | Killed Grum
 12240 | D:11     | Noticed a two-headed ogre
 12247 | D:11     | Killed a two-headed ogre
 12463 | D:11     | Killed a seven-headed hydra
 12464 | D:11     | Reached skill level 5 in Invocations
 12477 | D:11     | Identified the amulet of the Madman {rElec rN+ Regen+}
 12933 | D:12     | HP: 2/82 [skeletal warrior[a skeletal warrior] (4)]
 12938 | D:12     | Reached ****** piety under Okawaru
 13100 | D:12     | Noticed a two-headed ogre
 13110 | D:12     | Killed a two-headed ogre
 13110 | D:12     | Received a gift from Okawaru
 13144 | D:12     | Received a gift from Okawaru
 13190 | D:12     | Reached XP level 13. HP: 87/87 MP: 17/17
 13329 | Arena    | Entered the Arena
 13626 | D:12     | Noticed an ettin
 13802 | D:12     | Noticed a great orb of eyes
 13820 | D:12     | Killed a great orb of eyes
 13872 | D:12     | Killed an ettin
 13943 | D:12     | Identified the +2 leather armour of Yzeokef {-Tele rElec
                  | rF+ rN+ Str+2}
 13957 | D:12     | Identified the +10 war axe of Xoitod {elec, rPois rC- rN+++
                  | Int+2} (Okawaru gifted it to you on level 12 of the
                  | Dungeon)
 13957 | D:12     | Received a gift from Okawaru
 14193 | D:12     | Noticed a sphinx
 14198 | D:12     | Paralysed by a sphinx for 4 turns
 14201 | D:12     | Identified the +5 morningstar "Qoesiunn" {vorpal, rPois rN+
                  | Will+}
 14217 | D:12     | Killed a sphinx
 15355 | Lair:2   | Received a gift from Okawaru
 15578 | Lair:2   | Gained mutation: Your large and strong wings let you fly.
                  | [Gargoyle growth]
 15578 | Lair:2   | Reached XP level 14. HP: 96/96 MP: 19/19
 16474 | Lair:3   | Received a gift from Okawaru
 16592 | Lair:3   | Found a staircase to the Snake Pit.
 16755 | Lair:3   | Noticed Urug
 16767 | Lair:3   | Killed Urug
 17590 | Lair:4   | Identified 2 scrolls of acquirement
 17716 | Lair:4   | Found a staircase to the Swamp.
 18084 | Lair:5   | Reached skill level 15 in Fighting
 18312 | Lair:5   | Reached skill level 15 in Armour
 18555 | Lair:5   | Reached XP level 15. HP: 98/103 MP: 18/21
 18579 | Lair:5   | Received a gift from Okawaru
 19314 | Lair:6   | Entered Level 6 of the Lair of Beasts
 19577 | Lair:6   | Found a staircase to the Slime Pits.
 19723 | Lair:6   | Acquired the +7 lajatang "Usmiarph" {freeze, Dex+3}
 19726 | Lair:6   | Acquired a manual of Fighting
 19885 | Lair:6   | Identified the +3 quarterstaff "Wasem" {flame, *Corrode
                  | Dex+3 SInv Stlth+} (Okawaru gifted it to you on level 6 of
                  | the Lair of Beasts)
 19885 | Lair:6   | Received a gift from Okawaru
 20606 | Snake:1  | Entered Level 1 of the Snake Pit
 20715 | Snake:1  | Identified the +9 plate armour of the Lily {rCorr Dex+4}
                  | (Okawaru gifted it to you on level 1 of the Snake Pit)
 20715 | Snake:1  | Received a gift from Okawaru
 20947 | Snake:1  | Found a transporter.
 21119 | Snake:1  | Found a transporter.
 21236 | Snake:1  | Reached XP level 16. HP: 98/116 MP: 16/22
 21262 | Snake:1  | Identified the ring of the Garden {Fire Fly rPois Will-
                  | Dex-5}
 21276 | Snake:1  | Identified the ring "Tegukosa" {Drain rElec rC+++ Will-
                  | rCorr}
 21657 | Swamp:1  | Entered Level 1 of the Swamp
 21733 | Swamp:1  | Learned a level 5 spell: Lee's Rapid Deconstruction
 21874 | Swamp:1  | Noticed a fenstrider witch
 21881 | Swamp:1  | Killed a fenstrider witch
 21951 | Swamp:1  | Received a gift from Okawaru
 21980 | Swamp:1  | Got the Grimoire of the Last Brambles
 22356 | Snake:2  | Noticed Aizul
 22374 | Snake:2  | Killed Aizul
 22689 | Snake:2  | Noticed a nagaraja
 22708 | Snake:2  | Killed a nagaraja
 23131 | Snake:3  | Identified the +0 pearl dragon scales of Okawaru's
                  | Inspiration {rN+ Str+4 Int+6} (Okawaru gifted it to you on
                  | level 3 of the Snake Pit)
 23131 | Snake:3  | Received a gift from Okawaru
 23182 | Snake:3  | Found Perauskoph's Antique Weapon Emporium.
 23276 | Snake:3  | Acquired the +3 pair of seven-league boots {Rampage+∞}
 23276 | Snake:3  | Found the +3 pair of seven-league boots {Rampage+∞}
 23359 | Snake:3  | Noticed a nagaraja
 23365 | Snake:3  | Killed a nagaraja
 23723 | Snake:3  | Gained mutation: You are clumsy. (Dex -2) [potion of
                  | mutation]
 23723 | Snake:3  | Gained mutation: You are weak. (Str -2) [potion of
                  | mutation]
 23723 | Snake:3  | Gained mutation: You have sharp fingernails. [potion of
                  | mutation]
 23724 | Snake:3  | Lost mutation: You are clumsy. (Dex -2) [potion of
                  | mutation]
 23724 | Snake:3  | Lost mutation: You have sharp fingernails. [potion of
                  | mutation]
 23724 | Snake:3  | Gained mutation: You have a pair of small horns on your
                  | head. [potion of mutation]
 23724 | Snake:3  | Gained mutation: You are agile. (Dex +2) [potion of
                  | mutation]
 23724 | Snake:3  | Lost mutation: You are weak. (Str -2) [potion of mutation]
 23725 | Snake:3  | Lost mutation: You have a pair of small horns on your head.
                  | [potion of mutation]
 23725 | Snake:3  | Lost mutation: You are agile. (Dex +2) [potion of mutation]
 23725 | Snake:3  | Gained mutation: You have an increased reservoir of magic.
                  | (+10% MP) [potion of mutation]
 23725 | Snake:3  | Gained mutation: You have a pair of small horns on your
                  | head. [potion of mutation]
 23725 | Snake:3  | Gained mutation: Your spells are a little harder to cast,
                  | but a little more powerful. [potion of mutation]
 23725 | Snake:3  | Gained mutation: You expend magic power (3 MP) to
                  | strengthen your wands. [potion of mutation]
 23758 | Snake:4  | Entered Level 4 of the Snake Pit
 23804 | Snake:4  | Noticed a nagaraja
 23811 | Snake:4  | Killed a nagaraja
 23812 | Snake:4  | Reached XP level 17. HP: 98/127 MP: 25/25
 23885 | Snake:4  | Found Befyacopt's Book Boutique.
 23885 | Snake:4  | Found Poskateo's Jewellery Shoppe.
 23888 | Snake:4  | Found Oraraaj's Book Boutique.
 23946 | Snake:4  | Found a runed translucent door.
 24480 | Snake:4  | Noticed a quicksilver dragon
 24850 | D:4      | Bought the amulet of Zilium {Regen+ Str+3 SInv} for 665
                  | gold pieces
 25085 | Orc:1    | Killed Fannar
 25519 | Orc:2    | Entered Level 2 of the Orcish Mines
 25848 | Orc:2    | Found Bifraom's Armour Boutique.
 25889 | Orc:2    | Found Vudwoh's Jewellery Shop.
 26259 | Orc:2    | Identified the ring "Suun" {rElec rF+ rC- Str+6}
 26323 | Orc:2    | Found a staircase to the Elven Halls.
 26453 | Arena    | Entered the Arena
 26570 | Orc:2    | Found Wianummo's General Store.
 26621 | Orc:2    | Bought a scroll of enchant weapon for 135 gold pieces
 26621 | Orc:2    | Bought a scroll of identify for 36 gold pieces
 26703 | Orc:2    | Found Uhit's Antique Armour Shoppe.
 26710 | Orc:2    | Received a gift from Okawaru
 26721 | Orc:2    | Bought a glowing cloak for 240 gold pieces
 27759 | Swamp:2  | Received a gift from Okawaru
 27873 | Swamp:2  | Identified the -3 pair of boots of Dyspraxia {rElec rC++
                  | rN+ Str-4}
 28427 | Swamp:3  | Identified the +6 hunting sling of Defenestration {venom,
                  | rCorr}
 28483 | Swamp:3  | Reached XP level 18. HP: 136/136 MP: 26/26
 28561 | Swamp:3  | Identified the +8 plate armour of Refuge {Str+2}
 28663 | Swamp:4  | Entered Level 4 of the Swamp
 28676 | Swamp:4  | Identified the +1 pair of boots "Haeguyd" {rPois Str+3
                  | Dex+3} (Okawaru gifted it to you on level 4 of the Swamp)
 28676 | Swamp:4  | Received a gift from Okawaru
 29327 | D:13     | Learned a level 1 spell: Sandblast
 29330 | D:13     | Learned a level 2 spell: Passwall
 29334 | D:13     | Learned a level 3 spell: Stone Arrow
 29339 | D:13     | Learned a level 4 spell: Leda's Liquefaction
 29413 | D:13     | Noticed Jorgrun
 29440 | D:13     | Killed Jorgrun
 29582 | D:13     | Reached XP level 19. HP: 142/142 MP: 27/27
 30213 | D:14     | Found a broken altar of Ashenzari.
 30278 | D:14     | Identified the +9 hunting sling of Integrity {venom, rN+
                  | Str+4}
 30340 | D:14     | Found a gate to the Vaults.
 30366 | D:14     | Identified the +1 chain mail "Ucvantef" {rElec rF+++ rC++
                  | Dex-3}
 30520 | D:14     | Found a runed translucent door.
 30538 | D:14     | Noticed hashsling's ghost (journeyman KoHu)
 30570 | D:14     | Found a runed translucent door.
 30590 | D:14     | Killed hashsling's ghost
 30632 | D:14     | Received a gift from Okawaru
 30657 | D:14     | Got the Tome of Changing
 30729 | D:14     | Identified the +6 halberd "Bafysk" {protect, Contam rC+
                  | Int+5 Dex+4}
 31399 | D:15     | Entered Level 15 of the Dungeon
 31414 | D:15     | Found a snail-covered altar of Cheibriados.
 31445 | Arena    | Entered the Arena
 31677 | D:15     | Paralysed by an ogre mage for 5 turns
 31772 | D:15     | Found a staircase to the Depths.
 32021 | D:15     | Identified the -5 buckler of the Villain {Fly rCorr Dex+2
                  | Stlth-} (Okawaru gifted it to you on level 15 of the
                  | Dungeon)
 32021 | D:15     | Received a gift from Okawaru
 32031 | D:15     | Reached XP level 20. HP: 151/151 MP: 28/28
 33013 | Snake:4  | Got a serpentine rune of Zot
 33102 | Arena    | Entered the Arena
 33198 | Snake:4  | HP: 4/152 [naga warrior (30)]
 33838 | Swamp:4  | Identified the +2 war axe of Kaluriz {vamp, Fly}
 34000 | Swamp:4  | Found a basalt altar of Yredelemnul.
 34128 | Swamp:4  | Received a gift from Okawaru
 34194 | Arena    | Entered the Arena
 34334 | Swamp:4  | Identified the +7 battleaxe "Heirul" {freeze, Str+3 Dex+3}
 34381 | Swamp:4  | Found a blossoming altar of Fedhas.
 34403 | Swamp:4  | Got a decaying rune of Zot
 34934 | Vaults:1 | Entered Level 1 of the Vaults
 35291 | Vaults:1 | Noticed Donald
 35305 | Vaults:1 | Killed Donald
 35596 | Vaults:1 | Received a gift from Okawaru
 35690 | Vaults:1 | Reached XP level 21. HP: 136/160 MP: 16/29
 36463 | Vaults:2 | Reached skill level 10 in Evocations
 37052 | Vaults:2 | Identified the +0 cloak "Zezukluyr" {*Corrode Regen+ Int+4
                  | SInv} (Okawaru gifted it to you on level 2 of the Vaults)
 37052 | Vaults:2 | Received a gift from Okawaru
 38127 | Vaults:3 | Reached XP level 22. HP: 135/168 MP: 30/30
 38164 | Vaults:3 | Found a staircase to the Crypt.
 38919 | Vaults:4 | Received a gift from Okawaru
 39118 | Vaults:4 | Received a gift from Okawaru
 39121 | Vaults:4 | Reached skill level 27 in Fighting
 39148 | Vaults:4 | Reached skill level 1 in Crossbows
 39159 | Vaults:4 | Identified the +1 robe "Asoahet" {rCorr} (Okawaru gifted it
                  | to you on level 4 of the Vaults)
 39159 | Vaults:4 | Received a gift from Okawaru
 39376 | Vaults:4 | Noticed Xtahua
 39379 | Vaults:4 | Killed Xtahua
 40257 | Vaults:5 | Entered Level 5 of the Vaults
 40318 | Vaults:5 | Noticed a golden dragon
 40556 | Vaults:5 | Reached XP level 23. HP: 134/175 MP: 25/31
 40595 | Vaults:5 | Noticed a dread lich
 40601 | Vaults:5 | Reached skill level 5 in Crossbows
 40617 | Vaults:5 | Killed a dread lich
 40624 | Vaults:5 | Received a gift from Okawaru
 40633 | Vaults:5 | Noticed a golden dragon
 40656 | Vaults:5 | Killed a golden dragon
 40696 | Vaults:5 | Received a gift from Okawaru
 40696 | Vaults:5 | Found the +7 Kryia's mail coat {PotionHeal*2 rC+}
 40712 | Vaults:5 | Noticed a dread lich
 40733 | Vaults:5 | Killed a dread lich
 40741 | Vaults:5 | Identified the +11 rapier of Dihuveesm {freeze, Drain rElec
                  | Will++ Dex+2}
 40742 | Vaults:5 | Identified the +2 rapier of Kepubbad {distort, rPois
                  | Will++}
 40870 | Vaults:5 | Killed a golden dragon
 40887 | Vaults:5 | Identified the +5 quarterstaff of Vumeas {flame, rPois
                  | Int+4 Dex+7}
 41725 | Vaults:5 | Got a silver rune of Zot
 42108 | Vaults:5 | Identified the +8 glaive of the Crushed Xenops {venom,
                  | Int+4 Dex+7}
 43864 | Elf:1    | Entered Level 1 of the Elven Halls
 43866 | Elf:1    | Paralysed by an air elemental for 1 turns
 43872 | Elf:1    | Paralysed by an air elemental for 1 turns
 43879 | Elf:1    | Paralysed by an air elemental for 1 turns
 43888 | Elf:1    | Paralysed by an air elemental for 1 turns
 43962 | Elf:1    | Reached skill level 27 in Armour
 44112 | Elf:1    | Noticed Azrael
 44119 | Elf:1    | Killed Azrael
 44456 | Elf:1    | Received a gift from Okawaru
 45072 | Elf:2    | Reached XP level 24. HP: 168/181 MP: 31/31
 45089 | Elf:2    | Received a gift from Okawaru
 45125 | Elf:2    | Reached skill level 5 in Dodging
 45378 | Elf:2    | Found a runed translucent door.
 45403 | Elf:2    | Reached skill level 15 in Evocations
 45409 | Elf:2    | Found a runed translucent door.
 45788 | Elf:3    | Entered Level 3 of the Elven Halls
 45834 | Elf:3    | Noticed Asterion
 45844 | Arena    | Entered the Arena
 45853 | Arena    | Killed Asterion
 46014 | Elf:3    | Found a portal to a secret trove of treasure.
 46199 | Elf:3    | Received a gift from Okawaru
 46260 | Elf:3    | Identified the amulet "Fomeirphe" {RegenMP Rampage *Slow
                  | rElec Str+3}
 46289 | Elf:3    | Identified the +1 ring mail of Bub Hut {rN+ Will+ Slay+3}
 46378 | Elf:3    | Identified the amulet "Etiulaf" {RegenMP Will+}
 46566 | Elf:3    | Identified the +3 chain mail of Unambiguity {rC+ Regen+
                  | Str+2}
 46567 | Elf:3    | Got the Guide on Flying Moulding
 46761 | Elf:3    | Got the Handbook of the Entrancing Traveller
 46804 | Elf:3    | Got the Guide on Dislocation and the Glacier
 46815 | Elf:3    | Learned a level 8 spell: Lehudib's Crystal Spear
 47967 | Depths:1 | Entered Level 1 of the Depths
 48033 | Depths:1 | Reached skill level 10 in Dodging
 48033 | Depths:1 | Reached XP level 25. HP: 187/187 MP: 31/31
 48069 | Depths:1 | Found a gateway to Hell.
 48141 | Depths:1 | Identified the +1 plate armour of the Arena {Int+4}
                  | (Okawaru gifted it to you on level 1 of the Depths)
 48141 | Depths:1 | Received a gift from Okawaru
 48469 | Depths:1 | Noticed Nikola
 48481 | Depths:1 | Killed Nikola
 48679 | Depths:1 | Found a stormy altar of Qazlal.
 48839 | Depths:1 | Noticed an ancient lich
 48846 | Depths:1 | Killed an ancient lich
 48886 | Depths:1 | Reached XP level 26. HP: 62/189 MP: 29/31
 48991 | Depths:1 | Got the Incunabulum of Black Magic
 49518 | Depths:2 | Found a one-way gate to the infinite horrors of the Abyss.
 49649 | Depths:2 | Found a transporter.
 49690 | Depths:2 | Noticed the Enchantress
 49704 | Depths:2 | Killed the Enchantress
 49794 | Depths:2 | Identified the amulet "Ginadu Reo" {Faith rC+}
 49897 | Depths:2 | Found a large runed translucent door.
 49897 | Depths:2 | Found a large runed translucent door.
 49901 | Depths:2 | Noticed Xemiukyb's ghost (adept HaHu)
 49915 | Depths:2 | Killed Xemiukyb's ghost
 50075 | Depths:2 | Found a transporter.
 50076 | Depths:2 | Found a one-way gate leading to the halls of Pandemonium.
 50279 | Depths:3 | Noticed Mennas
 50317 | Depths:3 | Killed Mennas
 50535 | Depths:3 | Found a one-way gateway to a ziggurat.
 50536 | Depths:3 | Identified the +8 tower shield "Pihuny" {Str+4}
 50537 | Arena    | Entered the Arena
 50636 | Depths:3 | Received a gift from Okawaru
 50923 | Depths:3 | Identified the +5 scimitar "Avyc" {venom, Fly rPois Will+
                  | SInv}
 51245 | Depths:3 | Found an ancient bone altar of Kikubaaqudgha.
 51272 | Depths:3 | Found a bloodstained altar of Trog.
 51338 | Depths:3 | Received a gift from Okawaru
 51350 | Depths:3 | Found a burning altar of Makhleb.
 51397 | Depths:3 | Found Xapruikk's Miraculous Elixirs.
 51534 | Depths:3 | Found Macunoq's General Store.
 51551 | Depths:3 | Bought a wand of flame (7) for 58 gold pieces
 51750 | Depths:3 | Found a shimmering blue altar of Sif Muna.
 51984 | Depths:3 | Found The Legendary Bual's Legendary Smithy.
 52195 | Depths:4 | Entered Level 4 of the Depths
 52313 | Depths:4 | Found a runed translucent door.
 52313 | Depths:4 | Found a runed translucent door.
 52405 | Depths:4 | Found a runed translucent door.
 52405 | Depths:4 | Found a runed translucent door.
 52461 | Depths:4 | Found a gate to the Realm of Zot.
 52558 | Depths:4 | Found a runed translucent door.
 52569 | Depths:4 | Found a runed translucent door.
 52592 | Depths:4 | Found a magical portal.
 52607 | Depths:4 | Received a gift from Okawaru
 52608 | Depths:4 | Reached XP level 27. HP: 199/199 MP: 31/31
 52635 | WizLab   | Entered The Chambers of the Cloud Mage
 52640 | WizLab   | Paralysed by an air elemental for 1 turns
 52760 | WizLab   | Reached skill level 15 in Dodging
 52761 | WizLab   | Paralysed by an air elemental for 1 turns
 52869 | WizLab   | Paralysed by an air elemental for 1 turns
 52905 | WizLab   | Got the Volume of the Birds
 53007 | Depths:4 | Identified the +1 robe of Uskayaw's Outrage {rN+ Int+4}
 53047 | Depths:4 | Found an ornate altar of the Wu Jian Council.
 53057 | Depths:4 | Noticed a juggernaut
 53067 | Depths:4 | Killed a juggernaut
 53156 | Depths:4 | Got Sif Muna's Papyrus of Noxious Battle Magic
 53814 | Depths:4 | Found a blossoming altar of Fedhas.
 54139 | D:4      | Bought a scroll of enchant armour for 90 gold pieces
 54142 | D:4      | Bought the ring of Emmukluwk {Fire +Blink rN+ rCorr} for
                  | 683 gold pieces
 54179 | D:4      | Bought a ring of positive energy for 280 gold pieces
 54573 | Crypt:1  | Entered Level 1 of the Crypt
 55214 | Crypt:1  | You are sucked into a shaft and drop 1 floor!
 55565 | Crypt:2  | Noticed Boris
 55578 | Crypt:2  | Killed Boris
 55618 | Crypt:2  | Identified the +7 quarterstaff of the Land of Plenty {holy,
                  | Fly rPois Stlth-} (Okawaru gifted it to you on level 2 of
                  | the Crypt)
 55618 | Crypt:2  | Received a gift from Okawaru
 55907 | Crypt:2  | Identified the +10 flail "Fahasum" {vorpal, Contam Int+3
                  | Dex+4}
 56304 | Crypt:3  | Entered Level 3 of the Crypt
 56319 | Crypt:3  | Noticed Boris
 56345 | Crypt:3  | Killed Boris
 56971 | Crypt:3  | Found an ancient bone altar of Kikubaaqudgha.
 57024 | Crypt:3  | Identified the ring of Hadotohen {Drain rN+ Dex+5 Slay+2}
 57024 | Crypt:3  | Identified the ring of Cojetson {rElec rPois rN+}
 57024 | Crypt:3  | Identified the ring "Plog" {rN+ rCorr Dex+6}
 57081 | Crypt:3  | Noticed a dread lich
 57093 | Crypt:3  | Killed a dread lich
 57093 | Crypt:3  | Identified the +5 scale mail of Yfugesche {*Corrode rN+
                  | Will++ Int+2} (Okawaru gifted it to you on level 3 of the
                  | Crypt)
 57093 | Crypt:3  | Received a gift from Okawaru
 57368 | Crypt:3  | Found a staircase to the Tomb.
 57392 | Tomb:1   | Entered Level 1 of the Tomb of the Ancients
 58278 | Elf:3    | You paid a toll of 14 potions of curing to enter a treasure
                  | trove
 58279 | Trove    | Entered a treasure trove
 58286 | Trove    | Identified the ring "Fekhiofu" {rPois rF+ rCorr}
 58290 | Trove    | Identified the ring "Saly" {rElec Will- rCorr Str+6 Dex+5}
 58294 | Trove    | Identified the amulet "Qiv Asih" {RegenMP Drain Will+
                  | Regen+ Str+3}
 58296 | Trove    | Identified the ring "Urummeth" {+Blink Will+ Str+2}
 58298 | Trove    | Identified the ring of Qaogorish {rElec Int+6 Dex+2 Slay+2}
 59118 | Tomb:1   | Noticed a royal mummy
 59131 | Tomb:1   | Killed a royal mummy
 59202 | Tomb:1   | Noticed a royal mummy
 59214 | Tomb:1   | Killed a royal mummy
 59215 | Arena    | Entered the Arena
 59577 | Crypt:3  | Upgraded the game from 0.28-a0-1510-gd0f6b136d3 to
                  | 0.28-a0-1518-gbe868bca14
 60084 | D:4      | Bought a scroll of teleportation for 36 gold pieces
 60084 | D:4      | Bought a scroll of teleportation for 36 gold pieces
 60084 | D:4      | Bought a scroll of fog for 24 gold pieces
 60084 | D:4      | Bought a scroll of fog for 24 gold pieces
 60713 | Depths:2 | Paralysed by a floating eye for 4 turns
 60755 | Depths:2 | Identified the ring of Cacsoyhe {Fly rPois rF+ Will+ Str-2}
 60765 | Depths:2 | Identified the +0 plate armour "Neuxked" {rF++}
 60770 | Depths:2 | Identified the amulet "Ruawy" {Faith rF+}
 61131 | D:4      | Killed Xenoroth's ghost
 61865 | Zot:1    | Entered Level 1 of the Realm of Zot
 61891 | Zot:1    | Noticed Xerom's ghost (legendary GnFi)
 61895 | Zot:1    | Found a runed translucent door.
 61993 | Zot:1    | Killed Xerom's ghost
 62994 | Zot:1    | Received a gift from Okawaru
 63418 | Zot:2    | Noticed an orb of fire
 63430 | Zot:2    | Gained mutation: You occasionally shout uncontrollably at
                  | your foes. [an orb of fire]
 63435 | Zot:2    | Lost mutation: You have an increased reservoir of magic.
                  | (+10% MP) [an orb of fire]
 63441 | Zot:2    | Gained mutation: You do not regenerate when monsters are
                  | visible. [an orb of fire]
 63447 | Zot:2    | Gained mutation: You are dopey. (Int -2) [an orb of fire]
 63454 | Zot:2    | Lost mutation: You do not regenerate when monsters are
                  | visible. [an orb of fire]
 63458 | Zot:2    | Killed an orb of fire
 63458 | Zot:2    | Identified the +1 ring mail "Wetix" {rElec Will- SInv}
                  | (Okawaru gifted it to you on level 2 of the Realm of Zot)
 63458 | Zot:2    | Received a gift from Okawaru
 67398 | Depths:3 | Lost mutation: You are dopey. (Int -2) [potion of mutation]
 67398 | Depths:3 | Lost mutation: You have a pair of small horns on your head.
                  | [potion of mutation]
 67398 | Depths:3 | Lost mutation: You expend magic power (3 MP) to strengthen
                  | your wands. [potion of mutation]
 67398 | Depths:3 | Gained mutation: Your flesh is heat resistant. (rF+)
                  | [potion of mutation]
 67398 | Depths:3 | Gained mutation: You passively map a small area around you.
                  | [potion of mutation]
 67458 | Hell     | Entered the Vestibule of Hell
 67458 | Hell     | Noticed Geryon
 68092 | Tomb:1   | Lost mutation: You passively map a small area around you.
                  | [potion of mutation]
 68092 | Tomb:1   | Lost mutation: Your spells are a little harder to cast, but
                  | a little more powerful. [potion of mutation]
 68092 | Tomb:1   | Lost mutation: Your flesh is heat resistant. (rF+) [potion
                  | of mutation]
 68092 | Tomb:1   | Gained mutation: Your magical capacity is low. (-10% MP)
                  | [potion of mutation]
 68093 | Tomb:1   | Lost mutation: You occasionally shout uncontrollably at
                  | your foes. [potion of mutation]
 68093 | Tomb:1   | Lost mutation: Your magical capacity is low. (-10% MP)
                  | [potion of mutation]
 68093 | Tomb:1   | Gained mutation: You have a pair of small horns on your
                  | head. [potion of mutation]
 68093 | Tomb:1   | Gained mutation: You expend magic power (3 MP) to
                  | strengthen your wands. [potion of mutation]
 68214 | Tomb:2   | Noticed a royal mummy
 68224 | Tomb:2   | Killed a royal mummy
 68224 | Tomb:2   | Noticed a royal mummy
 68224 | Tomb:2   | Noticed a royal mummy
 68233 | Tomb:2   | Noticed a royal mummy
 68238 | Tomb:2   | Noticed a royal mummy
 68406 | Tomb:2   | Killed a royal mummy
 68424 | Tomb:2   | Killed a royal mummy
 68453 | Tomb:2   | Killed a royal mummy
 68461 | Tomb:2   | Killed a royal mummy
 68465 | Arena    | Entered the Arena
 68473 | Arena    | Gained mutation: You do not regenerate when monsters are
                  | visible. [mutagenic glow]
 68506 | Tomb:2   | Gained mutation: You are clumsy. (Dex -2) [mutagenic glow]
 68528 | Tomb:2   | HP: 9/199 [stone giant zombie (19)]
 68533 | Tomb:2   | Gained mutation: You are dopey. (Int -2) [mutagenic glow]
 69473 | Slime:1  | Entered Level 1 of the Pits of Slime
 69747 | Slime:2  | Gained mutation: You are occasionally teleported next to
                  | monsters. [a shining eye]
 70303 | Slime:2  | HP: 7/199 [acid (7)]
 70304 | Slime:2  | Splashed with acid

Illustrated notes

Levels and vault maps discovered:
D:1:      scummos_arrival_simple_fountains, layout_basic,
          shapermc_ecumenical_altar_flowoftime, amcnicky_mini_corridor_feature
D:2:      layout_loops_ring, kennysheep_generic_room_3
D:3:      layout_basic, supply_closet_lemuel, serial_bayou_pond_e, uniq_robin,
          uniq_ijyb, uniq_crazy_yiuf_cottage
D:4:      layout_loops_ring, old_standard_altar, gammafunk_ghost_abyssal_escape,
          nicolae_wooded_promenade, kennysheep_generic_room_5
D:5:      layout_layer_cave
D:6:      layout_basic, enter_ossuary_2
D:7:      layout_basic, minmay_temple_entry_purple_smoke, dk_rats_in_the_wall
D:8:      layout_cave_pools, gammafunk_ghost_cemetery
D:9:      layout_rooms, dpeg_lair_monsters, minivault_20, bh_circular_ruins
D:10:     layout_loops_cross, david_orc_2, grunt_ministairs_7
D:11:     layout_gridville, kb_lookout_dungeons_type, tso_altar, uniq_grum
D:12:     minmay_eight_partial_circles, layout_basic
D:13:     minmay_twisted_water, layout_basic, minmay_misc_feat_hallway,
          uniq_jorgrun
D:14:     layout_basic, grunt_vaults_entry_tiered, muffindrake_ghost_dual_entry,
          cheibrodos_ashenzari_chains
D:15:     gammafunk_depths_entry_grave, layout_small_grid, cheibriados_altar_1
Temple:   mainiacjoe_temple_trianglar_array
Lair:1:   layout_gridlike, gauntlet_entry_generic
Lair:2:   layout_misc_corridors, roderic_carrion_pond, lemuel_fruit_fields,
          serial_bayou_shore_a, serial_bayou_shore_b
Lair:3:   layout_misc_corridors, minmay_snake_entry_six_corridors, uniq_urug
Lair:4:   beast_lair_carwin_large_2, layout_regular_city,
          palyth_hydra_swamp_entry
Lair:5:   hangedman_what_comes_after_a, layout_regular_city, worms_lemuel
Lair:6:   grunt_lair_end_beastmaster, layout_hall_layers,
          minmay_slime_entry_pillars, serial_bayou_lake_a
Swamp:1:  nicolae_swamp_wrong_neighborhood, layout_basic_swamp,
          evilmike_swamp_ruin_rubble_2, nicolae_swamp_spooky_pond
Swamp:2:  layout_falls_marsh, serial_swamp_ruin, evilmike_swamp_ruin_house_5,
          evilmike_swamp_ruin_house_2, evilmike_swamp_ruin_house_4
Swamp:3:  layout_falls_marsh, nicolae_swamp_some_circles
Swamp:4:  byrel_swamp_growth_death_and_undeath, layout_basic_swamp, swamp_pool2
Snake:1:  gammafunk_its_a_trap, layout_onion_interference, grunt_ministairs_11
Snake:2:  layout_misc_corridors, grunt_megastairs_4, uniq_aizul
Snake:3:  layout_honeycomb, serial_shops, nicolae_shop_overgrown_old_shop
Snake:4:  hellmonk_snake_rune_quicksilver_temple, layout_onion, lightli_airlock,
          minmay_shop_grove, serial_bayou_shore_b
Slime:1:  layout_caves
Slime:2:  layout_caves, cheibrodos_slime_lost_civilization_6
Orc:1:    layout_caves, basic_altar, serial_shops, nicolae_shop_window_shopping,
          nicolae_orc_crystal_geode, uniq_fannar
Orc:2:    pubby_orc_utopia
Elf:1:    nicolae_elf_arrival_aired_out, layout_onion_city,
          minmay_elf_demonology, uniq_azrael
Elf:2:    elven_hall_of_blades_hangedman_original
          [nicolae_blade_entry_splitting_headache], layout_rooms,
          hangedman_elf_represent
Elf:3:    grunt_elf_hall_diamonds, layout_loops_cross,
          nicolae_trove_entry_isolated, nicolae_elf_w_pinch, minivault_11,
          uniq_asterion
Vaults:1: hangedman_vaults_stagger, v_misc_15, nicolae_vaults_big_ls, v_misc_1,
          v_rooms_2, nicolae_vaults_alarming, hangedman_vaults_locks,
          nicolae_vaults_diagonal_hallway_6, nicolae_vaults_know_your_exits,
          layout_vaults_omnibox, uniq_donald
Vaults:2: hangedman_vaults_stream, hangedman_vaults_hat,
          nicolae_vaults_stairing_the_circle, hangedman_vaults_slice,
          v_alt_pattern_6, v_misc_13, vaults_room_octagon,
          nicolae_vaults_network_square, ontoclasm_vaults_loading_screen,
          vaults_room_pool, layout_vaults_omnigrid
Vaults:3: vaults_room_ringed_pool, v_alt_pattern_5, v_pattern_1,
          minmay_crypt_entry_simple_plaza, vaults_room_stairs_pillars,
          v_alt_pattern_6, nicolae_vaults_theta, dpeg_vaults_waves,
          serial_ice_g, hangedman_vaults_snaps, ontoclasm_vaults_idyll,
          ontoclasm_vaults_chip, layout_vaults_ring
Vaults:4: hangedman_vaults_slice, v_misc_23, v_pattern_5,
          vaults_room_grunt_arrival_ludios, v_misc_1, v_misc_26,
          nicolae_vaults_ninety_degrees, nicolae_vaults_diagonal_hallway_8,
          nicolae_vaults_circle_grid_b, nicolae_vaults_diagonal_hallway_9,
          layout_vaults_omnicross, uniq_xtahua
Vaults:5
Crypt:1:  layout_regular_city
Crypt:2:  hangedman_screamer, layout_misc_corridors, eino_tiny_chamber,
          lemuel_upstairs_altar
Crypt:3:  cryptofortress_bobbens
Tomb:1
Tomb:2
Depths:1: layout_gridlike, grunt_hell_entry_dis_grunt, grunt_qazlal_clouds,
          serial_sigils, serial_sigils_hangedman_gut,
          serial_sigils_hangedman_gut, serial_sigils_hangedman_gut,
          serial_sigils_hangedman_shear, special_room [special_room_morgue],
          roderic_lattice_a, corexii_leaking_fountain, uniq_nikola
Depths:2: gammafunk_dig_for_victory, layout_cross, hell_entry, hex_tiny,
          abyss_entry_glasseish, pan_entry, ebering_ghost_disaster_area,
          infiniplex_staircase_zigzag_2, uniq_enchantress
Depths:3: grated_community_mu [grated_community_mu_vampire_home,
          grated_community_mu_giant_home, grated_community_mu_spellcaster_home,
          grated_community_mu_orcish_home, grated_community_mu_troll_home,
          grated_community_mu_taur_home, grated_community_mu_unbuilt_plot],
          layout_basic, enter_ziggurat_c, minmay_room_of_horrors,
          serial_sigils_hangedman_snap, hell_entry, minmay_fire_ice_demons,
          uniq_mennas
Depths:4: evilmike_zot_entry_castle, layout_basic,
          lightli_enter_wizlab_magi_temple, old_standard_altar, abyss_entry,
          pf_hell_entry_tar_river, fedhas_altar_1
Hell
Zot:1:    lemuel_acid_trip, layout_cathedral_of_symmetry,
          hellmonk_ghost_happy_afterlife
Zot:2:    layout_twisted_circle, st_single_dragon_hoard_1,
          amethyst_zot_foddershock

Skill      XL: |  1  2  3  4  5  6  7  8  9 10 11 12 13 14 15 16 17 18 19 20 21 22 23 24 25 26 27 |
---------------+----------------------------------------------------------------------------------+-----
Staves         | 4 5 6 7 8 10 11 12 13 14 | 14.0
Armour         | 1 2 3 5 7 9 10 12 13 15 17 18 20 21 22 23 24 26 27 | 27.0
Fighting       | 3 4 5 7 8 10 11 12 14 15 18 21 22 23 24 25 26 27 | 27.0
Dodging        | 3 4 10 11 14 21 | 21.1
Evocations     | 2 4 5 6 7 8 9 11 12 14 15 16 17 21 | 21.1
Invocations    | 3 5 7 8 |  8.0
Crossbows      | 4 7 |  7.3
Throwing       | |  1.7

Action                   |  1- 3 |  4- 6 |  7- 9 | 10-12 | 13-15 | 16-18 | 19-21 | 22-24 | 25-27 || total
-------------------------+-------+-------+-------+-------+-------+-------+-------+-------+-------++-------
Melee: Quarterstaff      |    94 |   201 |   391 |   542 |  1242 |    79 |   204 |   103 |  1261 ||  4117
       Lajatang          |       |       |       |    61 |   171 |   915 |  1104 |  1210 |  1733 ||  5194
       Headbutt          |       |       |       |       |       |   141 |   399 |   370 |   999 ||  1909
Throw: Throwing net      |       |     5 |     2 |     1 |       |       |       |       |       ||     8
       Dart              |       |       |       |       |    28 |     2 |       |       |       ||    30
Invok: Heroism           |       |       |     2 |     9 |    22 |    18 |    21 |    16 |    30 ||   118
       Finesse           |       |       |       |       |     8 |     9 |     5 |     7 |     6 ||    35
       Duel              |       |       |       |       |     1 |     1 |     3 |     1 |     3 ||     9
Evoke: Wand              |       |       |     4 |    21 |    25 |     6 |    14 |     7 |    16 ||    93
       Phial of floods   |       |       |       |     1 |     2 |     3 |     5 |     4 |    10 ||    25
       Tin of tremorston |       |       |       |       |       |       |       |     1 |    15 ||    16
       Condenser vane    |       |       |       |       |       |       |       |     1 |     5 ||     6
       Lightning rod     |       |       |       |       |       |       |       |       |    14 ||    14
  Use: Scroll            |       |     5 |     5 |     6 |    16 |    17 |    12 |    11 |    19 ||    91
       Potion            |       |       |       |     4 |     1 |     6 |    15 |     6 |    20 ||    52
 Stab: Held in net/web   |       |     2 |       |       |       |       |       |       |       ||     2
       Paralysed         |       |       |       |     7 |       |       |       |       |     1 ||     8
       Petrified         |       |       |       |       |     2 |       |       |       |     3 ||     5
       Petrifying        |       |       |       |       |     2 |       |       |       |       ||     2
       Fleeing           |       |       |       |       |       |     1 |       |       |       ||     1
       Invisible         |       |       |       |       |       |       |       |       |     3 ||     3
Armor: Leather armour    |    26 |       |       |       |       |       |       |       |       ||    26
       Chain mail        |       |   117 |   111 |       |       |       |       |       |       ||   228
       Plate armour      |       |       |   137 |   336 |   798 |   760 |  1067 |   810 |  1327 ||  5235
       Gold dragon scale |       |       |       |       |       |       |       |       |   534 ||   534
Dodge: Dodged            |    40 |    83 |   111 |   204 |   485 |   520 |   591 |   407 |  2162 ||  4603
Block: Other             |       |    11 |    80 |   102 |       |       |       |       |       ||   193
       Reflection        |       |       |       |     6 |       |       |       |       |       ||     6

Table legend: (Time is in decaauts)
 A = Elapsed time spent in this place.
 B = Non-inter-level travel time spent in this place.
 C = Inter-level travel time spent in this place.
 D = Time resting spent in this place.
 E = Time spent auto-exploring this place.
 F = Levels seen in this place.
 G = Mean time per level.
                   A        B        C        D        E       F      G
               +--------+--------+--------+--------+--------+-----+--------+
         Total |  67324 |  53737 |  13587 |   2580 |  32620 |  66 | 1020.1 |
       Dungeon |  22052 |  15779 |   6273 |    938 |  10478 |  15 | 1470.1 |
        Temple |    291 |    254 |     37 |      0 |    250 |   1 |  291.0 |
          Lair |   7332 |   5429 |   1903 |      0 |   3590 |   6 | 1222.0 |
         Swamp |   2991 |   2585 |    406 |    175 |   1452 |   4 |  747.8 |
     Snake Pit |   4527 |   3960 |    567 |    255 |   2489 |   4 | 1131.8 |
    Slime Pits |    793 |    793 |      0 |    146 |    399 |   2 |  396.5 |
  Orcish Mines |   2250 |   1786 |    464 |      0 |   1265 |   2 | 1125.0 |
   Elven Halls |   4115 |   3525 |    590 |    193 |   2318 |   3 | 1371.7 |
        Vaults |   8446 |   6703 |   1743 |      0 |   4323 |   5 | 1689.2 |
         Crypt |   3472 |   2764 |    708 |      8 |   1898 |   3 | 1157.3 |
          Tomb |   2004 |   1752 |    252 |    149 |    455 |   2 | 1002.0 |
        Depths |   6196 |   5625 |    571 |    375 |   2559 |   4 | 1549.0 |
          Hell |     32 |     32 |      0 |      0 |      0 |   1 |   32.0 |
           Zot |   1859 |   1793 |     66 |    301 |    838 |   2 |  929.5 |
         Trove |     51 |     51 |      0 |      0 |      0 |   1 |   51.0 |
       Ossuary |    357 |    357 |      0 |      0 |    190 |   1 |  357.0 |
        Wizlab |    354 |    354 |      0 |      0 |    115 |   1 |  354.0 |
         Arena |    193 |    193 |      0 |     38 |      0 |   9 |   21.4 |
               +--------+--------+--------+--------+--------+-----+--------+

Top non-repeatable levels by time:
    D:12: 2354 daAuts
Depths:3: 2164 daAuts
Vaults:1: 1862 daAuts
    D:13: 1808 daAuts
Vaults:2: 1805 daAuts
 Snake:4: 1778 daAuts
    D:11: 1775 daAuts
    D:14: 1766 daAuts
Vaults:5: 1723 daAuts
   Orc:2: 1701 daAuts
Vaults:3: 1663 daAuts
 Crypt:3: 1626 daAuts
     D:9: 1624 daAuts
    D:10: 1605 daAuts
  Lair:4: 1567 daAuts
